 Dungeon Crawl Stone Soup version 0.20-a0-187-ge5586d949a (webtiles) character file.

29 mopl the Vexing (level 3, 14/14 HPs)
             Began as a Felid Enchanter on Nov 23, 2016.
             Quit the game on level 2 of the Dungeon.
             The game lasted 00:03:58 (2976 turns).

mopl the Vexing (Felid Enchanter)                   Turns: 2976, Time: 00:03:58

Health: 14/14      AC:  1    Str:  4    XL:     3   Next: 1%
Magic:  7/7        EV: 18    Int: 17    God:
Gold:   158        SH:  0    Dex: 16    Spells: 0/6 levels left
                                        Lives:  0   Deaths: 1

rFire  . . .     SeeInvis +       - Unarmed
rCold  . . .     Gourm    .     (armour unavailable)
rNeg   . . .     Faith    .     (shield unavailable)
rPois  .         Spirit   .     (helmet unavailable)
rElec  .         Reflect  .     (cloak unavailable)
rCorr  .         Harm     .     (gloves unavailable)
MR     .....                    (boots unavailable)
Stlth  +++.......               (no amulet)
                                (no ring)
                                (no ring)

@: quick
A: no armour, no weapons or thrown items, stealth, claws 1, fangs 3, see
invisible, carnivore 3, speed 1, shaggy fur 1, slow metabolism 1, sharp paws
a: no special abilities


You were on level 2 of the Dungeon.
You were not hungry.

You visited 1 branch of the dungeon, and saw 3 of its levels.

You collected 158 gold pieces.

Inventory:

Jewellery
 n - an uncursed ring of fire
Scrolls
 c - 2 scrolls of immolation {unknown}
 g - a scroll of magic mapping {unknown}
 i - 2 scrolls of fear {unknown}
Potions
 d - a potion of invisibility {unknown}
 e - a potion of degeneration {unknown}
 f - a potion of cancellation {unknown}
 h - 2 potions of agility {unknown}
 j - a potion of haste {unknown}
 k - a potion of curing {unknown}
 l - 2 potions of brilliance {unknown}
 o - a potion of might {unknown}
Books
 a - a book of Maledictions

   Spells                             Type                      Level
   a - Corona                         Hexes                        1
   b - Ensorcelled Hibernation        Hexes/Ice                    2
   c - Confuse                        Hexes                        3
   d - Tukima's Dance                 Hexes                        3
   e - Dazzling Spray                 Conjuration/Hexes            3
Comestibles
 b - 3 meat rations


   Skills:
 - Level 2.6 Dodging
 * Level 5.1 Stealth
 * Level 2.0 Unarmed Combat
 + Level 2.3 Spellcasting
 * Level 5.1 Hexes
 + Level 0.6 Ice Magic


You couldn't memorise any spells.
You knew the following spells:

 Your Spells              Type           Power        Failure   Level  Hunger
a - Corona                Hex            ###....      2%          1    #......
b - Ensorcelled Hibernat  Hex/Ice        ##....       12%         2    ###....
c - Confuse               Hex            ###.....     10%         3    ###....


Dungeon Overview and Level Annotations

Branches:
Dungeon (3/15)

Altars:

Annotations:
D:2 Sigmund


Innate Abilities, Weirdness & Mutations

You cannot wear armour.
You are incapable of wielding weapons or throwing items.
Your paws allow you to move quietly. (Stealth)
You have sharp claws.
You have razor-sharp teeth.
You have supernaturally acute eyesight. (SInv)
You are carnivorous and can eat meat at any time.
You cover ground quickly.
You are covered in fur. (AC +1)
You have a slow metabolism.
Your sharp claws are effective at attacking unaware monsters.


Message History

Aim: Sigmund, wielding a scythe and wearing a robe (chance to defeat MR: 50%) Sigmund resists with some effort.
Casting: Ensorcelled Hibernation
Confirm with . or Enter, or press ? or * to list all spells.
Aiming: Ensorcelled Hibernation
Press: ? - help, Shift-Dir - straight line, f/p - Sigmund
Aim: Sigmund, wielding a scythe and wearing a robe (chance to defeat MR: 50%) Sigmund resists with some effort.
Sigmund points at you and mumbles some strange words.
The magic dart hits you!
Ouch! That really hurt!
* * * LOW HITPOINT WARNING * * *
Sigmund points at you and mumbles some strange words.
The magic dart hits you!
Ouch! That really hurt!
You stop descending the stairs.
You die...
You are now level 3!
You rejoin the land of the living...
Are you sure you want to abandon this character and quit the game? (Confirm with "yes".)

#.# ######.##...# #.####...
#.######...........######......#
#....[...###..†##................
#.######.#.##..##...##...#.......
#.# #.##.##.†#...##...#.######
#.# #..##...)#...##........ #.#
#...#...##...##.......# #.#
#......###...##.......#
#.######.##..###@...##.......#
#>.......######...#.####.....#
########.........##.# .....# #
#..#.#..####.# .....# # #....).##
#.# # #......# #.# # #......# #.#
# #......# #.# # #......# #.#


There were no monsters in sight!

Vanquished Creatures
  2 adders (D:2)
  A worm (D:2)
  2 dart slugs (D:1)
  A leopard gecko (D:1)
  6 bats
  4 giant cockroaches (D:1)
  4 hobgoblins
  7 kobolds
  A quokka (D:2)
  4 frilled lizards
  6 goblins
  4 rats
42 creatures vanquished.

Notes
Turn   | Place    | Note
-------+----------+-------------------------------------------
     0 | D:1      | mopl the Felid Enchanter began the quest for the Orb.
     0 | D:1      | Reached XP level 1. HP: 7/7 MP: 4/4
   368 | D:1      | Reached XP level 2. HP: 11/11 MP: 6/6
   372 | D:1      | Learned a level 2 spell: Ensorcelled Hibernation
  1630 | D:1      | Reached XP level 3. HP: 14/14 MP: 7/7
  1635 | D:1      | Learned a level 3 spell: Confuse
  2014 | D:2      | Reached skill level 5 in Hexes
  2124 | D:2      | Reached skill level 2 in Unarmed Combat
  2609 | D:2      | Reached skill level 5 in Stealth
  2609 | D:2      | Reached XP level 4. HP: 12/18 MP: 1/8
  2728 | D:2      | Noticed Sigmund
  2975 | D:2      | Killed from afar by Sigmund
  2976 | D:2      | Reached XP level 3. HP: -8/14 MP: 4/7
  2976 | D:2      | Quit the game

Vault maps used:
D:1:      dpeg_arrival_lava_altar
D:2:      minmay_cupped, uniq_sigmund
D:3:      marbit_many_paths, lemuel_coloured_pillars_altar,
          nicolae_overflow_crystal_walls, evilmike_ruin_ashenzari

Skill      XL: |  1  2  3 |
---------------+----------+-----
Hexes          | 5 |  5.1
Unarmed Combat | 2 |  2.0
Stealth        | 5 |  5.1
Dodging        | |  2.6
Spellcasting   | |  2.3
Ice Magic      | |  0.6

Action                   |  1- 3 |  4- 6 || total
-------------------------+-------+-------++-------
Melee: Unarmed           |   122 |     2 ||   124
       Bite              |     4 |       ||     4
 Cast: Ensorcelled Hiber |    23 |     4 ||    27
 Stab: Sleeping          |    26 |       ||    26
  Eat: Chunk             |    12 |     1 ||    13
Armor: Skin              |     8 |       ||     8
Dodge: Dodged            |   105 |     3 ||   108
